 Dungeon Crawl Stone Soup version 0.28.0-53-g5a82cb258f (webtiles) character file.

Game seed: 1252574091668840972

50 LynnLen the Sneak (level 3, -1/24 HPs)
             Began as a Vampire Enchanter on Aug 5, 2022.
             Slain by a quokka (4 damage)
             ... on level 2 of the Dungeon.
             The game lasted 00:04:40 (1385 turns).

LynnLen the Sneak (Vampire Enchanter)               Turns: 1385, Time: 00:04:41

Health: -1/24      AC:  2    Str:  7    XL:     3   Next: 55%
Magic:  1/6        EV: 12    Int: 17    God:
Gold:   31         SH:  0    Dex: 16    Spells: 3/6 levels left

rFire   . . .      SeeInvis +   a - +1 dagger
rCold   . . .      Faith    .   (no shield)
rNeg    . . .      Spirit   .   b - +0 robe
rPois   .          Reflect  .   (no helmet)
rElec   .          Harm     .   (no cloak)
rCorr   .          Rampage  .   (no gloves)
Will    .....                   (no boots)
Stlth   +++.......              (no amulet)
HPRegen 0.28/turn               (no ring)
MPRegen 0.10/turn               (no ring)

@: confusing by touch, healing quickly
A: alive, fangs 3, see invisible, vampiric 2
a: Exsanguinate


You were on level 2 of the Dungeon.
You visited 1 branch of the dungeon, and saw 2 of its levels.

You collected 31 gold pieces.

Inventory:

Hand Weapons
 a - a +1 dagger (weapon)
Missiles
 f - 6 boomerangs of dispersal (quivered)
 h - 21 stones
Armour
 b - a +0 robe (worn)
Scrolls
 g - a scroll of teleportation
Potions
 c - 2 potions of invisibility


   Skills:
 * Level 3.2 Short Blades
 - Level 2.1 Dodging
 + Level 5.4 Stealth
 - Level 2.0 Spellcasting
 - Level 4.4 Hexes


You had 3 spell levels left.
You knew the following spells:

 Your Spells              Type           Power      Damage    Failure   Level
a - Confusing Touch       Hex            16%        N/A       10%         3

Your spell library contained the following spells:

 Spells                   Type           Power      Damage    Failure   Level
 Tukima's Dance           Hex            16%        N/A       10%         3
 Ensorcelled Hibernation  Hex/Ice        18%        N/A       12%         2
 Dazzling Flash           Conj/Hex       18%        N/A       24%         3


Dungeon Overview and Level Annotations

Branches:
Dungeon (2/15)

Altars:


Innate Abilities, Weirdness & Mutations

Your natural rate of healing is accelerated.
You have razor-sharp teeth.
You have supernaturally acute eyesight. (SInv)
You are afflicted with vampirism and can become a bat while bloodless.


Message History

You kill the ball python!
Things that are here:
a ball python corpse; a frilled lizard corpse You start resting.
HP restored.
Things that are here:
a ball python corpse; a frilled lizard corpse
Things that are here:
a ball python corpse; a frilled lizard corpse
Casting: Confusing Touch (quite dangerous; 10% risk of failure)
Confirm with . or Enter, or press ? or * to list all spells.
Your hands begin to glow red.
Things that are here:
a ball python corpse; a frilled lizard corpse The worm bites you!
You hit the worm but do no damage.
The worm appears confused.
You hit the worm.
The worm is lightly wounded.
You hit the worm. You bite the worm, but do no damage.
The worm is lightly wounded.
The worm bites you!
You catch the helpless worm completely off-guard!
You puncture the worm!
The worm is almost dead.
You hit the worm.
You kill the worm!
Casting: Confusing Touch (quite dangerous; 10% risk of failure)
Confirm with . or Enter, or press ? or * to list all spells.
Your hands begin to glow red.
The quokka bites you.
* * * LOW HITPOINT WARNING * * *
You hit the quokka but do no damage. The quokka bites you.
* * * LOW HITPOINT WARNING * * *
You hit the quokka but do no damage. The quokka closely misses you.
You hit the quokka but do no damage. Your bite misses the quokka.
The quokka twitches its whiskers.
The quokka bites you.
* * * LOW HITPOINT WARNING * * *
Okay, then.
You barely miss the quokka. The quokka bites you.
You die...

............##.##.#
.....#...#####<##.# .
.....#.#.....#.##.# ..
.......#..####.##.#
#.###.#..#..#.....#.#
r....#.....#.....#.#
^#..#......####.#.###
#.......r..†.......#
#.......†@.###.#.#.#
#....#.......#.....#.#
##########'#.#.#...#.#
#.#.#.#...#.#
#.#.#.#...#.#
#.#.#.#...#.#
#.#.#.#...#.#
#.#.#.....#.#
######.#.#.##..#.#


You could see a quokka.

Vanquished Creatures
  A gnoll (D:1)
  A worm (D:2)
  2 dart slugs (D:1)
  6 bats
  2 endoplasms (D:1)
  A giant cockroach (D:1)
  3 goblins (D:1)
  4 hobgoblins
  2 jackals (D:1)
  2 ball pythons
  A frilled lizard (D:2)
  3 kobolds (D:1)
  5 rats (D:1)
33 creatures vanquished.

Notes
Turn   | Place    | Note
-------+----------+-------------------------------------------
     0 | D:1      | LynnLen the Vampire Enchanter began the quest for the Orb.
     0 | D:1      | Reached XP level 1. HP: 13/13 MP: 3/3
   315 | D:1      | Reached XP level 2. HP: 19/19 MP: 5/5
   550 | D:1      | Reached skill level 5 in Stealth
   550 | D:1      | Gained mutation: You are afflicted with vampirism and can
                  | become a bat while bloodless. [Vampire growth]
   550 | D:1      | Reached XP level 3. HP: 24/24 MP: 6/6
   565 | D:1      | Learned a level 3 spell: Confusing Touch
   968 | D:1      | Found a faded altar of an unknown god.
  1385 | D:2      | Slain by a quokka

Illustrated notes

Levels and vault maps discovered:
D:1:      sevenhm_arrival_forest_fort_large_2, layout_loops_ring,
          chequers_ecumenical_altar_simple
D:2:      layout_basic, minmay_misc_feat_columns, uniq_robin

Skill      XL: |  1  2  3 |
---------------+----------+-----
Short Blades   | 2 3 |  3.2
Stealth        | 5 |  5.4
Dodging        | |  2.1
Spellcasting   | |  2.0
Hexes          | |  4.4

Action                   || total
-------------------------++-------
Melee: Dagger            ||   119
       Bite              ||    15
       Punch             ||     1
 Cast: Confusing Touch   ||     2
  Use: Scroll            ||     3
 Stab: Sleeping          ||     5
       Confused          ||     1
Armor: Robe              ||    26
Dodge: Dodged            ||    69
